[ AOE2 MATCH · #506018254 ]
UnrankedRomans vs Mongols
Player's team · LOSS
Rival team · WIN
[ REPLAY ANALYSIS · EXTRACTED FROM THE RECORDED GAME ]
Feudal
9:41
Castle
—
Imperial
—
| APM avg | 34.0 |
| APM peak | 74 |
| eAPM avg | 21.2 |
| Villagers / military | 53 / 20 |
Focus
⚔️ 22.7% · 🌾 77.3%
Militia ×18 · Spearman ×2
Feudal
8:59
Castle
—
Imperial
—
| APM avg | 47.0 |
| APM peak | 111 |
| eAPM avg | 15.6 |
| Villagers / military | 40 / 9 |
Focus
⚔️ 15.9% · 🌾 84.1%
Scout Cavalry ×9
Match map
Initial resources + every placement click. Lines = walls · curves = elevation contours. ◆ gold · ⬟ stone · ● berries · ✦ relic · ◌ wall gap
Your base· Open — unwalled flank
ICEMANIAN's base· Open — unwalled flank
Smoothed initial terrain · ◌ = detected wall gap · hover for details
Inputs per minute
— 6 - - ICEMANIAN
Build order — 6
115 actions detected in the replay
| 0:00 | Queue | Villager (Male) |
| 0:01 | Queue | Villager (Male) |
| 0:02 | Build | House |
| 0:03 | Build | House |
| 0:23 | Queue | Villager (Male) |
| 0:23 | Queue | Villager (Male) |
| 1:30 | Queue | Villager (Male) |
| 1:31 | Queue | Villager (Male) |
| 2:02 | Build | Lumber Camp |
| 2:05 | Queue | Villager (Male) |
| 2:05 | Queue | Villager (Male) |
| 2:09 | Queue | Villager (Male) |
| 2:10 | Queue | Villager (Male) |
| 2:28 | Queue | Villager (Male) |
| 2:40 | Build | House |
| 2:41 | Build | House |
| 3:01 | Queue | Villager (Male) |
| 3:02 | Queue | Villager (Male) |
| 3:02 | Queue | Villager (Male) |
| 3:30 | Queue | Villager (Male) |
| 3:59 | Queue | Villager (Male) |
| 3:59 | Queue | Villager (Male) |
| 4:18 | Queue | Villager (Male) |
| 4:19 | Queue | Villager (Male) |
| 4:49 | Queue | Villager (Male) |
| 4:50 | Queue | Villager (Male) |
| 4:50 | Queue | Villager (Male) |
| 4:51 | Queue | Villager (Male) |
| 4:52 | Research | Loom |
| 5:27 | Build | Mill |
| 5:32 | Build | Mill |
| 5:36 | Queue | Villager (Male) |
| 5:36 | Queue | Villager (Male) |
| 5:57 | Queue | Villager (Male) |
| 6:47 | Build | Palisade Wall |
| 6:54 | Queue | Villager (Male) |
| 6:54 | Queue | Villager (Male) |
| 7:12 | Research | Feudal Age |
| 7:38 | Build | Barracks |
| 8:14 | Build | Palisade Wall |
| 8:18 | Queue | Villager (Male) |
| 8:36 | Build | Palisade Wall |
| 8:42 | Build | House |
| 8:59 | Build | Palisade Wall |
| 9:18 | Build | House |
| 9:30 | Queue | Villager (Male) |
| 9:41 | Age | Feudal Age |
| 9:43 | Build | Palisade Wall |
| 9:46 | Research | Double-Bit Axe |
| 9:48 | Queue | Villager (Male) |
| 10:03 | Queue | Spearman |
| 10:21 | Research | Horse Collar |
| 10:24 | Queue | Spearman |
| 10:37 | Queue | Villager (Male) |
| 10:48 | Build | Farm |
| 10:51 | Build | Farm |
| 10:52 | Queue | Villager (Male) |
| 11:06 | Build | Farm |
| 11:08 | Build | Farm |
| 11:13 | Build | Farm |
| 11:24 | Build | Farm |
| 11:27 | Queue | Villager (Male) |
| 11:43 | Build | Farm |
| 12:06 | Build | Mining Camp |
| 12:07 | Queue | Villager (Male) |
| 12:10 | Build | House |
| 12:18 | Queue | Villager (Male) |
| 12:21 | Build | Farm |
| 12:25 | Build | Farm |
| 12:37 | Build | Farm |
| 12:48 | Build | Farm |
| 12:50 | Queue | Villager (Male) |
| 13:06 | Queue | Villager (Male) |
| 13:24 | Queue | Villager (Male) |
| 13:34 | Queue | Villager (Male) |
| 14:06 | Research | Man-at-Arms (upgrade) |
| 14:07 | Queue | Militia |
| 14:08 | Queue | Militia |
| 14:08 | Queue | Militia |
| 14:41 | Build | Lumber Camp |
| 14:44 | Queue | Villager (Male) |
| 14:45 | Queue | Villager (Male) |
| 14:46 | Queue | Militia |
| 15:24 | Queue | Militia |
| 15:27 | Queue | Villager (Male) |
| 15:40 | Queue | Villager (Male) |
| 16:03 | Queue | Militia |
| 16:14 | Queue | Villager (Male) |
| 16:16 | Build | Farm |
| 16:24 | Queue | Militia |
| 16:27 | Build | House |
| 16:28 | Build | House |
| 16:41 | Queue | Militia |
| 17:05 | Build | Blacksmith |
| 17:08 | Queue | Villager (Male) |
| 17:15 | Queue | Militia |
| 17:15 | Queue | Militia |
| 17:16 | Queue | Militia |
| 17:32 | Queue | Villager (Male) |
| 17:37 | Build | Market |
| 18:00 | Queue | Villager (Male) |
| 18:12 | Research | Scale Mail Armor |
| 18:23 | Queue | Villager (Male) |
| 18:31 | Queue | Militia |
| 18:31 | Queue | Militia |
| 18:36 | Queue | Militia |
| 18:44 | Build | Lumber Camp |
| 18:59 | Queue | Villager (Male) |
| 19:23 | Queue | Militia |
| 19:24 | Queue | Militia |
| 19:46 | Queue | Villager (Male) |
| 19:46 | Queue | Villager (Male) |
| 19:47 | Queue | Villager (Male) |
| 20:05 | Queue | Militia |
| 20:06 | Queue | Militia |
Build order — ICEMANIAN
97 actions detected in the replay
| 0:00 | Queue | Villager (Male) |
| 0:00 | Queue | Villager (Male) |
| 0:01 | Queue | Villager (Male) |
| 0:02 | Build | House |
| 0:04 | Build | House |
| 0:09 | Queue | Villager (Male) |
| 1:27 | Queue | Villager (Male) |
| 1:48 | Build | Lumber Camp |
| 1:59 | Queue | Villager (Male) |
| 2:15 | Queue | Villager (Male) |
| 2:38 | Build | House |
| 2:47 | Queue | Villager (Male) |
| 3:04 | Queue | Villager (Male) |
| 3:42 | Queue | Villager (Male) |
| 4:07 | Queue | Villager (Male) |
| 4:25 | Queue | Villager (Male) |
| 4:55 | Queue | Villager (Male) |
| 4:55 | Queue | Villager (Male) |
| 5:04 | Build | Mill |
| 5:24 | Queue | Villager (Male) |
| 6:13 | Research | Loom |
| 6:49 | Research | Feudal Age |
| 6:51 | Build | Barracks |
| 7:26 | Build | House |
| 7:51 | Build | House |
| 8:59 | Age | Feudal Age |
| 9:03 | Build | Stable |
| 9:06 | Research | Double-Bit Axe |
| 9:07 | Research | Horse Collar |
| 9:08 | Queue | Villager (Male) |
| 9:31 | Queue | Villager (Male) |
| 9:39 | Queue | Scout Cavalry |
| 9:40 | Queue | Scout Cavalry |
| 10:12 | Build | Mining Camp |
| 10:17 | Build | Mill |
| 10:18 | Queue | Villager (Male) |
| 10:18 | Queue | Villager (Male) |
| 10:23 | Queue | Scout Cavalry |
| 10:43 | Build | Farm |
| 10:45 | Queue | Villager (Male) |
| 11:09 | Build | Farm |
| 11:10 | Queue | Villager (Male) |
| 11:33 | Build | Watch Tower |
| 11:42 | Build | Farm |
| 11:43 | Queue | Villager (Male) |
| 12:05 | Build | Blacksmith |
| 12:07 | Queue | Villager (Male) |
| 12:26 | Build | Farm |
| 12:27 | Queue | Villager (Male) |
| 12:51 | Build | House |
| 12:53 | Build | Farm |
| 12:54 | Queue | Villager (Male) |
| 13:14 | Build | Watch Tower |
| 13:21 | Queue | Villager (Male) |
| 13:23 | Build | Farm |
| 13:30 | Research | Fletching |
| 13:31 | Queue | Villager (Male) |
| 13:35 | Build | Farm |
| 13:36 | Queue | Villager (Male) |
| 14:02 | Build | Farm |
| 14:03 | Queue | Villager (Male) |
| 14:17 | Build | Watch Tower |
| 14:26 | Research | Forging |
| 14:27 | Build | Farm |
| 14:41 | Queue | Villager (Male) |
| 15:09 | Build | House |
| 15:37 | Queue | Scout Cavalry |
| 15:38 | Queue | Villager (Male) |
| 15:43 | Queue | Villager (Male) |
| 15:57 | Build | Watch Tower |
| 16:01 | Queue | Scout Cavalry |
| 16:08 | Build | Mining Camp |
| 16:08 | Queue | Villager (Male) |
| 16:10 | Queue | Villager (Male) |
| 16:32 | Queue | Scout Cavalry |
| 16:33 | Queue | Villager (Male) |
| 17:03 | Queue | Scout Cavalry |
| 17:04 | Queue | Villager (Male) |
| 17:15 | Queue | Scout Cavalry |
| 17:22 | Build | Watch Tower |
| 17:27 | Build | House |
| 17:29 | Build | House |
| 18:01 | Queue | Villager (Male) |
| 18:07 | Build | Archery Range |
| 18:18 | Build | Watch Tower |
| 18:35 | Queue | Scout Cavalry |
| 18:36 | Research | Bloodlines |
| 18:38 | Build | Farm |
| 18:39 | Queue | Villager (Male) |
| 18:41 | Build | House |
| 18:42 | Build | House |
| 18:42 | Build | House |
| 19:26 | Build | Archery Range |
| 19:27 | Build | Archery Range |
| 19:28 | Queue | Villager (Male) |
| 19:29 | Queue | Villager (Male) |
| 20:12 | Build | Farm |
Match timeline
| 6:47 | 6 · wall_segment Palisade Wall x13 |
| 6:51 | ICEMANIAN · first_building Barracks |
| 7:38 | 6 · first_building Barracks |
| 8:14 | 6 · wall_segment Palisade Wall x17 |
| 8:36 | 6 · wall_segment Palisade Wall x3 |
| 8:59 | ICEMANIAN · age_up feudal |
| 8:59 | 6 · wall_segment Palisade Wall x2 |
| 9:03 | ICEMANIAN · first_building Stable |
| 9:41 | 6 · age_up feudal |
| 9:43 | 6 · wall_segment Palisade Wall x3 |
| 18:07 | ICEMANIAN · first_building Archery Range |
| 18:58 | 6 · first_market_buy 500 food |
| 20:19 | 6 · resign |
[ AI ANALYSIS · 1 CREDIT ]
What really happened in this match?
Wolo.gg analyzes every decision: build order, eco, micro, common mistakes by bracket. Personalized analysis on WhatsApp or Discord in 30 seconds.
Civ guide
Romans
Perfil
Jugador #20686201